 Dungeon Crawl Stone Soup version 0.29-a0-334-gb41bcbb86e (webtiles) character file.

Game seed: 12255276992978970224

427 dracfodder the Quickloader (level 6, -5/52 HPs)
             Began as a Minotaur Hunter on Apr 14, 2022.
             Slain by a gnoll
             ... wielding a +1 flail of holy wrath
              (7 damage)
             ... on level 4 of the Dungeon.
             The game lasted 00:11:56 (3110 turns).

dracfodder the Quickloader (Minotaur Hunter)        Turns: 3110, Time: 00:11:56

Health: -5/52      AC:  5    Str: 16    XL:     6   Next: 65%
Magic:  5/5        EV: 12    Int:  6    God:
Gold:   1457       SH:  0    Dex: 21    Spells: 5/5 levels left

rFire   . . .      SeeInvis .   a - +1 hand crossbow
rCold   . . .      Faith    .   (no shield)
rNeg    . . .      Spirit   .   v - +0 leather armour
rPois   .          Reflect  .   (helmet restricted)
rElec   .          Harm     .   (no cloak)
rCorr   .          Rampage  .   (no gloves)
Will    .....                   r - +1 pair of boots
Stlth   ++........              (no amulet)
HPRegen 0.17/turn               o - ring of flight
MPRegen 0.09/turn               k - +6 ring of dexterity

@: flying
A: horns 2, retaliatory headbutt
a: no special abilities


You were on level 4 of the Dungeon.
You visited 1 branch of the dungeon, and saw 4 of its levels.

You collected 1457 gold pieces.

Inventory:

Hand Weapons
 a - a +1 hand crossbow (weapon)
 b - a +0 hand axe
Armour
 r - a +1 pair of boots (worn)
 v - a +0 leather armour (worn)
Jewellery
 g - a +6 ring of intelligence
 k - a +6 ring of dexterity (right hand)
 m - a ring of fire
 o - a ring of flight (left hand)
Scrolls
 c - 2 scrolls of immolation
 d - 4 scrolls of teleportation
 h - a scroll of fear
Potions
 e - a potion of attraction {unknown}
 f - 2 potions of haste
 i - a potion of might {unknown}
 l - a potion of cancellation {unknown}
 n - a potion of curing
 p - a potion of heal wounds
 s - a potion of lignification {unknown}


   Skills:
 + Level 3.6 Fighting
 * Level 8.0 Crossbows
 + Level 2.2 Armour
 + Level 2.3 Dodging
 + Level 1.0 Stealth


You had 5 spell levels left.
You didn't know any spells.
Your spell library contained the following spells:

 Spells                   Type           Power      Damage    Failure   Level
 Animate Skeleton         Necr           0%         N/A       52%         1
 Apportation              Tloc           0%         N/A       52%         1
 Summon Small Mammal      Summ           0%         N/A       52%         1


Dungeon Overview and Level Annotations

Branches:
Dungeon (4/15)
 Temple: D:4-7

Altars:
Makhleb
Vehumet

Shops:
D:3 :

Annotations:
D:2 Sigmund


Innate Abilities, Weirdness & Mutations

You have a pair of horns on your head.
You reflexively headbutt those who attack you in melee.


Message History

A gnoll comes into view.
It is wielding a +1 flail of holy wrath.
You shoot a bolt. The bolt barely misses the gnoll.
The bolt hits the gnoll.
The gnoll is moderately wounded.
A ball python comes into view.
You shoot a bolt. The ball python hisses angrily.
The bolt hits the gnoll.
The gnoll is heavily wounded.
The gnoll hits you with a +0 whip. The gnoll barely misses you.
You shoot a bolt. The bolt hits the gnoll!
You kill the gnoll!
The gnoll hits you from afar with a +1 vorpal spear.
You shoot a bolt. The bolt hits the ball python.
You kill the ball python!
The gnoll hits you from afar with a +1 vorpal spear.
You shoot a bolt.
The bolt hits the gnoll but does no damage.
The gnoll is moderately wounded.
The gnoll hits you from afar with a +1 vorpal spear!
A gnoll shaman comes into view. It is wielding a +0 whip.
The gnoll hits you from afar with a +1 vorpal spear.
You are too injured to fight recklessly!
You are too injured to fight recklessly!
Unknown command.
You are too injured to fight recklessly!
Shoot: a) +1 hand crossbow
Press: ? - help, Q - select action Shift-Dir - straight line, f/p - gnoll
Aim: a gnoll, wielding a +1 vorpal spear (moderately wounded, 72% to hit)
You shoot a bolt. The bolt hits the gnoll.
The gnoll is moderately wounded.
The gnoll hits you from afar with a +1 vorpal spear.
The gnoll attacks as you move away!
The gnoll hits you with a +1 flail of holy wrath!
* * * LOW HITPOINT WARNING * * *
The gnoll attacks as you move away!
The gnoll hits you with a +1 flail of holy wrath!
* * * LOW HITPOINT WARNING * * *
The gnoll attacks as you move away!
The gnoll hits you with a +1 flail of holy wrath!
You die...

#.........# #.........#
######.........###
.......#'##......####
.......#..#......#..#
.......#..#......+..#
.).....#..#......#..#
.......####......#'##
...##########...@...####
...'.....<..#...g...#..#
...#........#.....g.'..# .
...#........#.......####..g.
...#........#........)......
...#....#####...............
...#....# .................
...#....# ..................
...###### ...##+##+#####....


You could see 2 gnolls.

Vanquished Creatures
  Grinder (D:3)
  A necrophage (D:3)
  4 adders
  6 gnolls
  3 dart slugs
  6 endoplasms
  2 giant cockroaches (D:1)
  5 hobgoblins
  7 jackals (D:3)
  7 kobolds
  4 quokkas
  8 ball pythons
  4 bats
  4 frilled lizards
  6 goblins
  3 rats (D:1)
71 creatures vanquished.

Notes
Turn   | Place    | Note
-------+----------+-------------------------------------------
     0 | D:1      | dracfodder the Minotaur Hunter began the quest for the Orb.
     0 | D:1      | Reached XP level 1. HP: 18/18 MP: 0/0
   185 | D:1      | Reached XP level 2. HP: 25/25 MP: 1/1
   276 | D:1      | Reached skill level 5 in Crossbows
   614 | D:1      | Reached XP level 3. HP: 30/30 MP: 2/2
  1041 | D:2      | Found a radiant altar of Vehumet.
  1095 | D:2      | Reached XP level 4. HP: 21/37 MP: 3/3
  1097 | D:2      | Reached skill level 6 in Crossbows
  1669 | D:2      | Noticed Sigmund
  2392 | D:3      | Noticed a necrophage
  2399 | D:3      | Killed a necrophage
  2400 | D:3      | Reached skill level 1 in Armour
  2400 | D:3      | Reached skill level 1 in Stealth
  2400 | D:3      | Reached XP level 5. HP: 43/45 MP: 4/4
  2421 | D:3      | Found Rutuupn's Book Emporium.
  2457 | D:3      | Reached skill level 7 in Crossbows
  2458 | D:3      | Identified a scroll of acquirement
  2458 | D:3      | Acquired 1316 gold pieces
  2542 | D:3      | Found a burning altar of Makhleb.
  2542 | D:3      | Noticed a green death
  2579 | D:3      | Noticed Grinder
  2596 | D:3      | Paralysed by Grinder for 4 turns
  2600 | D:3      | Killed Grinder
  2601 | D:3      | Reached XP level 6. HP: 51/51 MP: 5/5
  2759 | D:3      | Reached skill level 8 in Crossbows
  3107 | D:4      | HP: 2/52 [gnoll/+1 flail of holy wrath (9)]
  3110 | D:4      | Slain by a gnoll

Illustrated notes

Levels and vault maps discovered:
D:1:      enne_arrival_octagon_isle, layout_basic
D:2:      layout_loops_ring, basic_altar, uniq_sigmund
D:3:      layout_loops_cross, makhleb_altar_promises_db, serial_shops,
          nicolae_shop_waterfront, minmay_close_crescents, uniq_grinder
D:4:      layout_gridville

Skill      XL: |  1  2  3  4  5  6 |
---------------+-------------------+-----
Crossbows      | 5 6 7 8 |  8.0
Fighting       | 3 |  3.6
Armour         | 1 2 |  2.2
Stealth        | 1 |  1.0
Dodging        | |  2.3

Action                   |  1- 3 |  4- 6 || total
-------------------------+-------+-------++-------
 Fire: Hand crossbow     |    75 |   125 ||   200
  Use: Scroll            |       |     8 ||     8
       Potion            |       |     2 ||     2
Armor: Leather armour    |     2 |    12 ||    14
Dodge: Dodged            |    11 |    20 ||    31

Table legend: (Time is in decaauts)
 A = Elapsed time spent in this place.
 B = Non-inter-level travel time spent in this place.
 C = Inter-level travel time spent in this place.
 D = Time resting spent in this place.
 E = Time spent auto-exploring this place.
 F = Levels seen in this place.
 G = Mean time per level.
                   A        B        C        D        E       F      G
               +--------+--------+--------+--------+--------+-----+--------+
         Total |   3154 |   3099 |     55 |    431 |   2156 |   4 |  788.5 |
       Dungeon |   3154 |   3099 |     55 |    431 |   2156 |   4 |  788.5 |
               +--------+--------+--------+--------+--------+-----+--------+

Top non-repeatable levels by time:
     D:1: 1426 daAuts
     D:2: 974 daAuts
     D:3: 700 daAuts
     D:4: 53 daAuts
